 Dungeon Crawl Stone Soup version 0.31-a0-1074-g0b22e4e0f1 (webtiles) character file.

Game seed: 6665417679216656672

487 LeprechaunX the Changeling (level 7, -12/46 HPs)
             Began as an Octopode Shapeshifter on Nov 28, 2023.
             Killed by divine providence
             ... invoked by an orc priest
              (16 damage)
             ... on level 5 of the Dungeon.
             The game lasted 00:04:04 (3480 turns).

LeprechaunX the Changeling (Octopode Shapeshifter)  Turns: 3480, Time: 00:04:04

Health: -12/46     AC:  5    Str: 13    XL:     7   Next: 13%
Magic:  7/7        EV: 18    Int: 13    God:
Gold:   232        SH:  0    Dex: 13    Spells: 6/6 levels left

rFire   . .          .
                       - Unarmed
rCold   . . .        (no shield)
rNeg    + . .        (helmet currently unavailable)
rPois   +            (no amulet)
rElec   .            k - +5 ring of evasion
rCorr   .            v - +4 ring of protection
SInv    .            w - ring of positive energy
Will    .....        b - ring of poison resistance
Stlth   ++           (no ring)
HPRegen 0.27/turn    (no ring)
MPRegen 0.10/turn    (no ring)
                     (no ring)

%: no passive effects
@: beast-form
A: beast (slay +3), almost no armour, amphibious, 8 rings, camouflage 1,
gelatinous body 1, (nimble swimmer 1), tentacles
a: Begin Untransformation


You were on level 5 of the Dungeon.
You were a hulking beast.
You visited 2 branches of the dungeon, and saw 6 of its levels.

You collected 232 gold pieces.

Inventory:

Hand Weapons
 a - a +2 sling of flaming
Jewellery
 b - a ring of poison resistance (on tentacle)
 k - a +5 ring of evasion (left tentacle)
 v - a +4 ring of protection (right tentacle)
 w - a ring of positive energy (on tentacle)
Talismans
 c - a flux talisman
 e - a beast talisman
Wands
 p - a wand of flame (38)
 q - a wand of paralysis (10)
Scrolls
 f - 4 scrolls of identify {unknown}
 h - a scroll of summoning {unknown}
 i - 7 scrolls of teleportation {unknown}
 j - a scroll of torment {unknown}
 n - a scroll of fear {unknown}
 r - a scroll of amnesia {unknown}
 s - a scroll of fog {unknown}
 t - 2 scrolls of vulnerability {unknown}
 u - a scroll of immolation {unknown}
Potions
 d - 2 potions of haste {unknown}
 g - a potion of might {unknown}
 l - 2 potions of lignification
 m - a potion of brilliance {unknown}
 o - 2 potions of curing {unknown}


   Skills:
 + Level 3.4 Fighting
 - Level 2.0 Dodging
 + Level 4.5 Unarmed Combat
 + Level 2.0 Evocations
 * Level 5.4 Shapeshifting


You had 6 spell levels left.
You didn't know any spells.
Your spell library contained the following spells:

 Spells                   Type           Power      Damage    Failure   Level
 Summon Small Mammal      Summ           0%         N/A       30%         1
 Cigotuvi's Dreadful Rot  Necr/Pois/Air  0%         N/A       43%         2
 Lesser Beckoning         Tloc           0%         N/A       43%         2
 Call Canine Familiar     Summ           0%         N/A       67%         3
 Gell's Gravitas          Tloc           0%         N/A       67%         3
 Ignite Poison            Fire/Tmut/Pois 0%         N/A       67%         3
 Summon Guardian Golem    Hex/Summ       0%         N/A       67%         3
 Teleport Other           Tloc           0%         N/A       67%         3
 Freezing Cloud           Conj/Ice/Air   0%         6-21      100%        5


Dungeon Overview and Level Annotations

Branches:
Dungeon (5/15)             Temple (1/1) D:4

Altars:
Ashenzari
Dithmenos
Gozag
Kikubaaqudgha
Makhleb
Nemelex Xobeh
Qazlal
Trog
Wu Jian
Xom
Zin


Innate Abilities, Weirdness & Mutations

You are a hulking beast.
Your limbs bulge with bestial killing power. (Slay +3)
You cannot wear most types of armour.
You are amphibious.
You can wear up to eight rings at the same time.
Your skin changes colour to match your surroundings (Stealth+).
Your rubbery body absorbs attacks. (AC +1, EV +1)
((You are camouflaged when in or above water. (Stealth+)))
You have tentacles for arms and can constrict up to eight enemies at once.


Message History

The iguana bites you! The orc priest completely misses you.
The orc completely misses you.
You closely miss the iguana. You grab the iguana. You tentacle-slap the iguana.
Your squeeze misses the iguana.
The iguana is moderately wounded.
You constrict the iguana, but do no damage.
You constrict the orc. The iguana barely misses you.
The orc priest hits you from afar with a +0 trident.
* * * LOW HITPOINT WARNING * * *
The orc closely misses you.
You release your grip on the iguana.
You release your grip on the orc.
The iguana attacks as it pursues you! The iguana bites you.
* * * LOW HITPOINT WARNING * * *
Unknown command.
You closely miss the iguana. Your grab misses the iguana.
The iguana is moderately wounded.
The iguana closely misses you.
Unknown command.
The iguana attacks as it pursues you!
The iguana bites you but does no damage.
Unknown command.
You tentacle-slap the iguana but do no damage.
You grab the iguana.
The iguana is moderately wounded.
You constrict the iguana. The iguana completely misses you.
The orc priest calls upon Beogh to heal something.
Unknown command.
You tentacle-slap the iguana but do no damage.
The iguana is heavily wounded.
You constrict the iguana. The iguana bites you.
* * * LOW HITPOINT WARNING * * *
Unknown command.
You tentacle-slap the iguana but do no damage.
You tentacle-slap the iguana, but do no damage.
The iguana is severely wounded.
You constrict the iguana.
The iguana bites you but does no damage.
The orc priest mumbles some strange prayers to Beogh against you.
Beogh smites you!
You die...

. #.# #.......### ..
##.#####..........+
...##.......###########
...........# ##.......#
#.......# #.......#
#.#####.......#
#.....#...h...#
#....l....# ##.o.######
. #####o.#### ..
#......o..# .....##
#...~≈~.......# .... ..
#...~~§....##..#
.....## ....§§_.....# #
#..† .....≈.§§...# #.##


You could see an iguana, an orc priest and an orc.

Vanquished Creatures
  An ogre (D:4)
  A scorpion (D:2)
  A jelly (D:5)
  2 orc priests (D:3)
  A hound (D:4)
  3 iguanas (D:5)
  Ijyb (D:3)
  4 adders
  A worm (D:2)
  4 orcs
  9 endoplasms
  A giant cockroach (D:3)
  4 goblins
  6 hobgoblins
  8 quokkas
  7 ball pythons
  7 bats
  3 frilled lizards
  5 kobolds
  5 rats
74 creatures vanquished.

Notes
Turn   | Place    | Note
-------+----------+-------------------------------------------
     0 | D:1      | LeprechaunX the Octopode Shapeshifter began the quest for
                  | the Orb.
     0 | D:1      | Reached XP level 1. HP: 13/13 MP: 1/1
   183 | D:1      | Reached XP level 2. HP: 14/17 MP: 2/2
   806 | D:2      | Noticed a scorpion
   818 | D:2      | Killed a scorpion
   819 | D:2      | Reached skill level 4 in Shapeshifting
   819 | D:2      | Reached XP level 3. HP: 7/24 MP: 3/3
   819 | D:2      | Reached XP level 4. HP: 9/29 MP: 4/4
  1788 | D:3      | Reached XP level 5. HP: 13/35 MP: 5/5
  1986 | D:3      | Noticed Ijyb
  1993 | D:3      | Killed Ijyb
  2103 | D:3      | Found a faded altar of an unknown god.
  2373 | D:3      | Identified the +5 chain mail of Esmuewut {rF+ Slay+2}
  2655 | D:4      | Reached XP level 6. HP: 41/41 MP: 6/6
  3113 | D:4      | Reached skill level 1 in Evocations
  3113 | D:4      | Reached skill level 5 in Shapeshifting
  3178 | D:4      | Found a staircase to the Ecumenical Temple.
  3198 | Temple   | Entered the Ecumenical Temple
  3245 | D:5      | Entered Level 5 of the Dungeon
  3245 | D:5      | Found a bloodstained altar of Trog.
  3379 | D:5      | Reached XP level 7. HP: 33/46 MP: 7/7
  3466 | D:5      | Found a stormy altar of Qazlal.
  3480 | D:5      | Killed from afar by an orc priest

Illustrated notes

Levels and vault maps discovered:
D:1:      ncdulo_smallfort, layout_basic
D:2:      layout_basic
D:3:      layout_basic, ebering_ecumenical_altar_abandoned, uniq_ijyb
D:4:      layout_loops_ring, minmay_temple_entry_grid
D:5:      layout_basic, nicolae_qazlal_scattered_showers, amcnicky_altar_gilded
Temple:   grunt_temple_mini_profane

Skill      XL: |  1  2  3  4  5  6  7 |
---------------+----------------------+-----
Fighting       | 2 3 |  3.4
Shapeshifting  | 4 5 |  5.4
Unarmed Combat | 4 |  4.5
Evocations     | 1 2 |  2.0
Dodging        | |  2.0

Action                     |  1- 3 |  4- 6 |  7- 9 || total
---------------------------+-------+-------+-------++-------
  Melee: Unarmed           |    14 |    52 |    10 ||    76
         Spear             |    27 |    42 |       ||    69
         Constrict         |     6 |    24 |     4 ||    34
         Tentacles         |     2 |    23 |     2 ||    27
         Punch             |     1 |     9 |     4 ||    14
   Fire: Sling             |     4 |    19 |       ||    23
   Stab: Sleeping          |     1 |     8 |       ||     9
 Armour: Skin              |     8 |    23 |     9 ||    40
  Dodge: Dodged            |    21 |    63 |    11 ||    95

Table legend: (Time is in decaauts)
 A = Elapsed time spent in this place.
 B = Non-inter-level travel time spent in this place.
 C = Inter-level travel time spent in this place.
 D = Time resting spent in this place.
 E = Time spent auto-exploring this place.
 F = Levels seen in this place.
 G = Mean time per level.
                   A        B        C        D        E       F      G
               +--------+--------+--------+--------+--------+-----+--------+
         Total |   3487 |   3365 |    122 |    372 |   2461 |   6 |  581.2 |
       Dungeon |   3486 |   3364 |    122 |    372 |   2461 |   5 |  697.2 |
        Temple |      1 |      1 |      0 |      0 |      0 |   1 |    1.0 |
               +--------+--------+--------+--------+--------+-----+--------+

Top non-repeatable levels by time:
     D:2: 1086 daAuts
     D:3: 794 daAuts
     D:1: 749 daAuts
     D:4: 624 daAuts
     D:5: 232 daAuts
  Temple: 1 daAuts
